 Dungeon Crawl Stone Soup version 0.27.0-1-g7a089689b8 (webtiles) character file.

Game seed: 2852225996108853458

23 Spaninq the Ruffian (level 2, 25/28 HPs)
             Began as a Troll Warper on Aug 14, 2021.
             Was a Follower of Yredelemnul.
             Quit the game on level 1 of the Dungeon.
             The game lasted 00:01:48 (454 turns).

Spaninq the Ruffian (Troll Warper)                   Turns: 454, Time: 00:01:48

Health: 25/28      AC:  4    Str: 18    XL:     2   Next: 75%
Magic:  2/2        EV:  9    Int:  9    God:    Yredelemnul [*.....]
Gold:   45         SH:  0    Dex:  9    Spells: 1/3 levels left

rFire    . . .     SeeInvis .   i - +2 short sword (venom)
rCold    . . .     Faith    .   (no shield)
rNeg     . . .     Spirit   .   a - +0 robe
rPois    .         Reflect  .   (helmet restricted)
rElec    .         Harm     .   (no cloak)
rCorr    .         Rampage  .   (gloves unavailable)
Will     .....                  (boots unavailable)
Stlth    +.........             (no amulet)
HPRegen  1.09/turn              (no ring)
MPRegen  0.08/turn              (no ring)

@: no status effects
A: large, unfitting armour, claws 3, regeneration 1, shaggy fur 1, tough skin 1
a: Renounce Religion, Animate Remains


You were on level 1 of the Dungeon.
You worshipped Yredelemnul.
Yredelemnul was aware of your devotion.
You visited 1 branch of the dungeon, and saw 1 of its levels.

You collected 45 gold pieces.

Inventory:

Hand Weapons
 h - a +4 hunting sling
 i - a +2 short sword of venom (weapon)
Missiles
 c - 5 boomerangs of dispersal (quivered)
 j - 31 stones
 l - 19 sling bullets
Armour
 a - a +0 robe (worn)
Scrolls
 b - a scroll of blinking
 e - a scroll of enchant armour {unknown}
 f - 3 scrolls of identify {unknown}
 g - a scroll of fear {unknown}
 k - a scroll of brand weapon {unknown}
Potions
 d - a potion of berserk rage {unknown}


   Skills:
 + Level 2.0 Fighting
 - Level 0.8 Throwing
 - Level 1.9 Dodging
 * Level 3.0 Unarmed Combat
 - Level 1.2 Spellcasting
 - Level 2.1 Translocations


You had one spell level left.
You knew the following spells:

 Your Spells              Type           Power      Damage    Failure   Level
a - Blink                 Tloc           N/A        N/A       22%         2

Your spell library contained the following spells:

 Spells                   Type           Power      Damage    Failure   Level
 Gell's Gravitas          Tloc           2%         N/A       41%         3
 Lesser Beckoning         Tloc           2%         N/A       41%         3
 Teleport Other           Tloc           4%         N/A       41%         3
 Manifold Assault         Tloc           4%         N/A       99%         5


Dungeon Overview and Level Annotations

Branches:
Dungeon (1/15)

Altars:
Yredelemnul

Shops:
D:1 *?


Innate Abilities, Weirdness & Mutations

You are too large for most types of armour.
You have claws for hands.
Your natural rate of healing is unusually fast.
You are covered in fur. (AC +1)
You have tough skin. (AC +1)


Message History

You see here 20 stones.
j - 25 stones (gained 20)
The rat barely misses you.
You hit the rat.
You kill the rat!
Your Unarmed Combat skill increases to level 3!
You see here a rat corpse.
You now have 45 gold pieces (gained 7).
Found a stone staircase leading down.
There is a stone staircase leading down here.
Things that are here:
a jackal skeleton; a jackal skeleton; a bat skeleton You see here a quokka skeleton.
j - 30 stones (gained 5)
You see here a +0 dagger.
You open the door.
Found a faded altar of an unknown god.
There is an open door here.
There is a faded altar of an unknown god here.
You cannot tell which god this altar belongs to.
Convert to them anyway?
Yredelemnul accepts your prayer! Yredelemnul welcomes you!
You can now animate remains.
There is an open door here.
j - 31 stones (gained 1)
You see here a +0 dagger.
An endoplasm comes into view.
The endoplasm quivers.
An endoplasm is nearby!
The endoplasm hits you.
You hit the endoplasm but do no damage.
The endoplasm is poisoned.
The endoplasm freezes you.
You are frozen.
You hit the endoplasm.
The endoplasm is severely wounded.
The endoplasm hits you.
You hit the endoplasm.
You kill the endoplasm!
Yredelemnul accepts your kill.
Are you sure you want to abandon this character and quit the game? (Confirm with "yes".)

### .... ###..#
.....###########....##
######### #....
........#.##..#
≈≈≈≈≈≈≈≈≈ #....
#######..#.###.#
........# #....
#8...8#....###.#
.######.#
#...##.###.#P.....#.#
.#
#...#_.#5#.'......#.#
.#
##...##.###.#P.....#..
.#
#....@#8...8#..#...##.
.#
#.##..#######..##.....
.# #...........'..)...
.#######
###.........##.....
........
#.........##.....
.≈≈≈≈≈≈≈
#.........##.....
'#######
#.........##....÷ .#
#.........##..... .#
#.........##.....


There were no monsters in sight!

Vanquished Creatures
  A ball python (D:1)
  A bat (D:1)
  An endoplasm (D:1)
  A giant cockroach (D:1)
  7 jackals (D:1)
  A quokka (D:1)
  A frilled lizard (D:1)
  5 kobolds (D:1)
  2 rats (D:1)
20 creatures vanquished.

Notes
Turn   | Place    | Note
-------+----------+-------------------------------------------
     0 | D:1      | Spaninq the Troll Warper began the quest for the Orb.
     0 | D:1      | Reached XP level 1. HP: 19/19 MP: 1/1
    45 | D:1      | Reached XP level 2. HP: 28/28 MP: 2/2
    49 | D:1      | Learned a level 2 spell: Blink
   194 | D:1      | Found Jelazor's Magic Scroll Emporium.
   198 | D:1      | Found Xomn's General Store.
   299 | D:1      | Reached skill level 3 in Unarmed Combat
   374 | D:1      | Found a faded altar of an unknown god.
   382 | D:1      | Became a worshipper of Yredelemnul the Dark
   382 | D:1      | Reached * piety under Yredelemnul
   454 | D:1      | Quit the game

Illustrated notes

Levels and vault maps discovered:
D:1:      dpeg_arrival_simpleton_c, layout_basic, serial_shops, shop,
          nicolae_shop_crystal, dreamdust_ecumenical_altar_sealed_demon,
          minivault_4, kennysheep_small_spiral

Skill      XL: |  1  2 |
---------------+-------+-----
Fighting       | 2 |  2.0
Unarmed Combat | 3 |  3.0
Throwing       | |  0.8
Dodging        | |  1.9
Spellcasting   | |  1.2
Translocations | |  2.1

Action                   || total
-------------------------++-------
Melee: Unarmed           ||    36
       Punch             ||     1
       Short sword       ||     9
Armor: Robe              ||    17
Dodge: Dodged            ||    30
